 Dungeon Crawl Stone Soup version 0.30-a0-141-g30f27751c5 (webtiles) character file.

Game seed: 3751729318417708671

36285 qw the Cleaver (level 13, -2/82 HPs)
             Began as a Gargoyle Fighter on Sept 25, 2022.
             Was a High Priest of Okawaru.
             Killed from afar by an oklob plant (5 damage)
             ... with a splash of acid
             ... on level 5 of the Lair of Beasts.
             The game lasted 00:06:05 (16863 turns).

qw the Cleaver (Gargoyle Fighter)                  Turns: 16863, Time: 00:06:05

Health: -2/82      AC: 38    Str: 26    XL:     13   Next: 89%
Magic:  0/20       EV: 11    Int: 11    God:    Okawaru [*****.]
Gold:   1183       SH: 14    Dex: 17    Spells: 12/12 levels left

rFire   . . .      SeeInvis +    Y - +0 broad axe (vorpal)
rCold   . . .      Faith    .    o - +0 kite shield
rNeg    + + .      Spirit   +    x - +0 plate armour
rPois   inf        Reflect  .    i - +3 helmet "Vaxeu" {Int+2 Dex+5 SInv Stlth-}
rElec   +          Harm     .    v - +1 cloak "Azyanen" {rC- Will+++ Regen+ Str-5}
rCorr   .          Rampage  .    y - +1 pair of gloves {Dex+3}
Will    +++..      NoCast   +    w - +0 pair of boots
Stlth   ..........               b - amulet of Befod {Spirit -Cast rElec rC+ rN+}
HPRegen 1.03/turn                p - +4 ring of slaying {mikee}
MPRegen 0.17/turn                l - +6 ring of strength

@: about to teleport, heroic, finesse-ful
A: sickness immunity, AC +9, negative energy resistance 1, electricity
resistance, torment resistance 1, petrification resistance
a: Renounce Religion, Heroism, Finesse, Duel


You were on level 5 of the Lair of Beasts.
You worshipped Okawaru.
Okawaru was extremely pleased with you.
You visited 3 branches of the dungeon, and saw 16 of its levels.

You collected 1183 gold pieces.


Innate Abilities, Weirdness & Mutations

You are immune to sickness and miasma.
Your stone body is resilient. (AC +9)
You are immune to poison.
You resist negative energy. (rN+)
You are resistant to electric shocks. (rElec)
You are resistant to unholy torment.
You are immune to petrification.


   Skills:
 - Level 10.0(15.0) Fighting
 + Level 13.2(18.2) Axes
 - Level 4.1(9.1) Throwing
 - Level 10.1(15.1) Armour
 - Level 3.1(8.1) Dodging
 - Level 11.0(16.0) Shields
 - Level 10.0 Invocations


You had 12 spell levels left.
You didn't know any spells.
Your spell library was empty.

Inventory:

Hand Weapons
 s - a +2 vampiric morningstar
 Y - a +0 vorpal broad axe (weapon)
Missiles
 z - 4 javelins (quivered)
Armour
 i - the +3 helmet "Vaxeu" (worn) {Int+2 Dex+5 SInv Stlth-}
   (Okawaru gifted it to you on level 10 of the Dungeon)

   Int:       It affects your intelligence (+2).
   Dex:       It affects your dexterity (+5).
   SInv:      It lets you see invisible.
   Stlth:     It makes you less stealthy.
 k - a +0 cloak
 o - a +0 kite shield (worn)
 r - a +2 scale mail of fire resistance
 v - the +1 cloak "Azyanen" (worn) {rC- Will+++ Regen+ Str-5}
   (You found it on level 10 of the Dungeon)

   Str:       It affects your strength (-5).
   rC:        It makes you vulnerable to cold.
   Regen:     It increases your rate of health regeneration.
   Will:      It greatly increases your willpower.
 w - a +0 pair of boots (worn)
 x - a +0 plate armour (worn)
 y - a +1 pair of gloves of dexterity (worn)
Jewellery
 b - the amulet of Befod (around neck) {Spirit -Cast rElec rC+ rN+}
   (You found it on level 6 of the Dungeon)

   [amulet of guardian spirit]

   It causes incoming damage to be divided between your reserves of health and
   magic.
   rC:        It protects you from cold.
   rElec:     It insulates you from electricity.
   rN:        It protects you from negative energy.
   -Cast:     It prevents spellcasting.
 c - a ring of protection from cold
 l - a +6 ring of strength (right hand)
 n - a ring of resist corrosion
 p - a +4 ring of slaying (left hand) {mikee}
 A - the ring "Beutaz" {Fly Will- Str+8 Int+5 Slay+3}
   (You found it on level 5 of the Lair of Beasts)

   [ring of flight]

   Str:       It affects your strength (+8).
   Int:       It affects your intelligence (+5).
   Slay:      It affects your accuracy & damage with ranged weapons and melee
   (+3).
   Fly:       It grants you flight.
   Will:      It decreases your willpower.
 B - an amulet of regeneration
Scrolls
 a - 12 scrolls of identify
 t - a scroll of teleportation
Potions
 d - a potion of might
 e - 2 potions of haste
 f - 5 potions of lignification
 g - a potion of mutation
 h - 2 potions of resistance
 j - 8 potions of curing
 m - a potion of cancellation
 q - a potion of magic
 u - 2 potions of attraction

Dungeon Overview and Level Annotations

Branches:
Dungeon (10/15)            Temple (1/1) D:4            Lair (5/5) D:10
 Shoals (0/4) Lair:3       Spider (0/4) Lair:3        Slime (0/5) Lair:5
    Orc (0/2) D:9

Altars:
Ashenzari
Cheibriados
Dithmenos
Elyvilon
Fedhas
Gozag
Hepliaklqana
Kikubaaqudgha
Makhleb
Nemelex Xobeh
Okawaru
Qazlal
Ru
Sif Muna
Trog
Uskayaw
Vehumet
Wu Jian
Xom
Yredelemnul
Zin
The Shining One
Jiyva

Shops:
D:3 [

Annotations:
D:8 3 runed translucent doors, qw's ghost, novice GrFi


Message History

The splash of acid hits you. The acid corrodes you!
The oklob plant spits acid at you. The splash of acid hits you!
16853 ||| DRINKING 2 potions of cancellation.
Your magical effects are unravelling.
You feel magically purged.
You are no longer corroded.
The oklob plant spits acid at you.
The splash of acid hits you but does no damage.
You completely miss the oklob plant. You slash the oklob plant!
The oklob plant spits acid at you.
The splash of acid hits you but does no damage.
The oklob plant spits acid at you. The splash of acid hits you!!
You slice the oklob plant!!
The oklob plant is almost destroyed.
You hit the oklob plant. You slash the oklob plant!
You destroy the oklob plant!
Okawaru accepts your kill.
You hit the oklob plant but do no damage.
You slash the oklob plant!
The oklob plant is moderately damaged.
You hit the oklob plant but do no damage.
The oklob plant is moderately damaged.
You slice the oklob plant!!
You destroy the oklob plant!
Okawaru accepts your kill. The oklob plant spits acid at you.
The splash of acid hits you!!
16861 ||| READING 2 scrolls of teleportation.
As you read the scroll of teleportation, it crumbles to dust.
You feel strangely unstable.
You slice the oklob plant!!
The oklob plant is moderately damaged.
You slice the oklob plant!!
The oklob plant is almost destroyed.
The oklob plant spits acid at you. The splash of acid hits you.
You die...

..###########P#.#....##
### ######....##
#...#.# #....#####
##.......###
###.....#.# ######
##.....## ##....##
##.....##
#..>@..#####.....##
##.P._.....##.....#
#.P.......##....##
###..............#
####.......#####
#########


You could see 2 oklob plants.

Vanquished Creatures
  Snorg (Lair:4)
  Erolcha (D:10)
  A hydra (Lair:3)
  A two-headed ogre (D:9)
  Erica (D:10)
  A boulder beetle (Lair:2)
  A tengu warrior (D:9)
  Lodul (D:9)
  A wizard (D:9)
  2 oklob plants (Lair:5)
  5 elephants
  2 merfolk sirens (Lair:3)
  4 black mambas
  A torpor snail (Lair:1)
  Joseph (D:7)
  15 cane toads
  Maggie (D:6)
  7 komodo dragons
  A rime drake (Lair:4)
  A troll (D:10)
  2 merfolk (Lair:3)
  18 blink frogs
  A polar bear (Lair:3)
  Grinder (D:6)
  2 wraiths (D:10)
  A wyvern (Lair:1)
  A vampire (D:10)
  45 yaks
  2 steam dragons (D:7)
  4 basilisks
  3 vampire mosquitoes (D:10)
  Menkaure (D:6)
  An acid dragon (D:10)
  12 water moccasins
  Duvessa (D:6)
  3 orc warriors
  2 ice beasts
  8 ogres
  10 wolves
  A centaur (D:3)
  A phantom (D:5)
  2 kobold brigands
  Blork the orc (D:4)
  9 bullfrogs
  3 gnoll sergeants
  3 necrophages
  3 scorpions
  13 wights
  Dowan (D:6)
  7 howler monkeys
  3 electric eels
  2 hounds (D:10)
  4 jellies
  4 orc priests
  A gnoll bouda (D:8)
  Ijyb (D:3)
  4 iguanas
  3 orc wizards
  18 gnolls
  8 adders
  A white imp (D:7)
  2 ufetubi
  2 worms (D:3)
  4 dart slugs
  27 orcs
  15 ball pythons
  4 bats
  5 endoplasms
  2 giant cockroaches (D:2)
  8 goblins
  14 hobgoblins
  27 kobolds
  2 quokkas
  2 frilled lizards (D:1)
  6 rats
  A spectral orc (D:10)
381 creatures vanquished.

Vanquished Creatures (others)
  14 fungi
  23 plants
37 creatures vanquished.

Grand Total: 418 creatures vanquished

Notes
Turn   | Place    | Note
-------+----------+-------------------------------------------
     0 | D:1      | qw the Gargoyle Fighter began the quest for the Orb.
     0 | D:1      | Reached XP level 1. HP: 14/14 MP: 1/1
     0 | D:1      | 0 ||| qw: Version: 0.2-a-10-g399e6c4
     0 | D:1      | 0 ||| qw: Game counter: 331
     0 | D:1      | 0 ||| qw: Always use a shield: true
     0 | D:1      | 0 ||| qw: God list: Okawaru
     0 | D:1      | 0 ||| qw: Allow faded altars: false
     0 | D:1      | 0 ||| qw: Do Orc after D:15 true
     0 | D:1      | 0 ||| qw: Do second Lair branch before Depths: true
     0 | D:1      | 0 ||| qw: Lair rune preference: random
     0 | D:1      | 0 ||| qw: Plans: Normal, Zot:1-4, God:TSO, Crypt, Tomb,
                  | Pan, Slime:5, Hells, Abyss, Orb
     0 | D:1      | 0 ||| PLANNING D:1-11
    33 | D:1      | Reached skill level 2 in Axes
    54 | D:1      | Found a faded altar of an unknown god.
    56 | D:1      | 56 ||| Stepping ~*~*~tactically~*~*~ (stealth).
    57 | D:1      | 57 ||| Stepping ~*~*~tactically~*~*~ (stealth).
   102 | D:1      | Reached XP level 2. HP: 19/19 MP: 2/2
   143 | D:1      | 143 ||| Stepping ~*~*~tactically~*~*~ (stealth).
   231 | D:1      | 231 ||| Stepping ~*~*~tactically~*~*~ (stealth).
   242 | D:1      | 242 ||| Stepping ~*~*~tactically~*~*~ (stealth).
   243 | D:1      | 243 ||| Stepping ~*~*~tactically~*~*~ (stealth).
   254 | D:1      | Reached skill level 3 in Axes
   469 | D:1      | 469 ||| DROPPING +0 club.
   501 | D:1      | Reached XP level 3. HP: 23/23 MP: 3/3
   878 | D:1      | 878 ||| READING 2 scrolls labelled SETSIETADGHA.
  1283 | D:2      | 1283 ||| Stepping ~*~*~tactically~*~*~ (hiding).
  1439 | D:2      | 1439 ||| Stepping ~*~*~tactically~*~*~ (stealth).
  1484 | D:2      | 1484 ||| UPGRADING to +0 helmet.
  1489 | D:2      | 1489 ||| READING scroll labelled DOGISUA XUMYR.
  1490 | D:2      | 1490 ||| DRINKING 2 yellow potions.
  1491 | D:2      | 1491 ||| DRINKING 2 purple potions.
  1492 | D:2      | 1492 ||| READING 5 scrolls of identify.
  1492 | D:2      | 1492 ||| IDENTIFYING black potion
  1493 | D:2      | 1493 ||| READING 4 scrolls of identify.
  1493 | D:2      | 1493 ||| IDENTIFYING bubbling red potion
  1494 | D:2      | 1494 ||| READING 3 scrolls of identify.
  1494 | D:2      | 1494 ||| IDENTIFYING lumpy cyan potion
  1495 | D:2      | 1495 ||| READING 2 scrolls of identify.
  1495 | D:2      | 1495 ||| IDENTIFYING fuming purple potion
  1496 | D:2      | 1496 ||| DROPPING potion of ambrosia.
  1515 | D:3      | Reached XP level 4. HP: 24/28 MP: 4/4
  1515 | D:3      | 1515 ||| STAIRDANCE
  1561 | D:3      | 1561 ||| FLEEEEING.
  1562 | D:3      | 1562 ||| FLEEEEING.
  1563 | D:3      | 1563 ||| STAIRDANCE
  1735 | D:3      | HP: 3/28 [orc priest/divine providence (8)]
  1736 | D:3      | 1736 ||| DRINKING potion of heal wounds.
  1738 | D:3      | Reached skill level 4 in Axes
  1740 | D:3      | 1740 ||| DROPPING +0 mace of protection.
  1792 | D:3      | 1792 ||| Stepping ~*~*~tactically~*~*~ (stealth).
  1818 | D:3      | 1818 ||| Stepping ~*~*~tactically~*~*~ (stealth).
  1856 | D:3      | 1856 ||| FLEEEEING.
  1984 | D:3      | Found Qegute Lomnu's Armour Boutique.
  1997 | D:3      | 1997 ||| SHOPLISTING +0 plate armour (322 gold, have 134).
  1997 | D:3      | 1997 ||| SHOPLISTING +1 cloak of poison resistance (189
                  | gold, have 134).
  1997 | D:3      | 1997 ||| SHOPLISTING +1 ring mail of fire resistance (224
                  | gold, have 134).
  2053 | D:3      | Noticed a centaur
  2054 | D:3      | 2054 ||| Stepping ~*~*~tactically~*~*~ (hiding).
  2060 | D:3      | Killed a centaur
  2061 | D:3      | Reached skill level 5 in Axes
  2061 | D:3      | Reached XP level 5. HP: 24/32 MP: 5/5
  2170 | D:3      | 2170 ||| Stepping ~*~*~tactically~*~*~ (hiding).
  2231 | D:3      | Noticed Ijyb
  2232 | D:3      | 2232 ||| Stepping ~*~*~tactically~*~*~ (hiding).
  2236 | D:3      | Paralysed by Ijyb for 5 turns
  2241 | D:3      | Killed Ijyb
  2410 | D:3      | 2410 ||| READING scroll labelled FAMOIBBINUDGH.
  2411 | D:3      | 2411 ||| READING scroll labelled IFONLORUOCH.
  2412 | D:3      | 2412 ||| READING scroll labelled SIR YKUAH PAHI.
  2452 | D:4      | Noticed Blork the orc
  2453 | D:4      | 2453 ||| Stepping ~*~*~tactically~*~*~ (hiding).
  2465 | D:4      | Killed Blork the orc
  2466 | D:4      | Reached XP level 6. HP: 39/39 MP: 6/6
  2568 | D:4      | 2568 ||| Stepping ~*~*~tactically~*~*~ (hiding).
  2571 | D:4      | 2571 ||| Stepping ~*~*~tactically~*~*~ (hiding).
  2573 | D:4      | 2573 ||| Stepping ~*~*~tactically~*~*~ (hiding).
  2891 | D:4      | Reached skill level 1 in Dodging
  2996 | D:4      | Found a staircase to the Ecumenical Temple.
  2997 | D:4      | 2997 ||| PLANNING TEMPLE
  2997 | D:4      | 2997 ||| UPGRADING to +0 pair of gloves.
  3002 | D:4      | 3002 ||| READING scroll labelled QEISHOF LECVIU.
  3007 | D:4      | 3007 ||| READING 3 scrolls of identify.
  3007 | D:4      | 3007 ||| IDENTIFYING orange potion
  3008 | D:4      | 3008 ||| READING 2 scrolls of identify.
  3008 | D:4      | 3008 ||| IDENTIFYING lumpy white potion
  3014 | D:4      | 3014 ||| FLEEEEING.
  3015 | D:4      | 3015 ||| FLEEEEING.
  3017 | D:4      | 3017 ||| FLEEEEING.
  3018 | D:4      | 3018 ||| FLEEEEING.
  3019 | D:4      | 3019 ||| FLEEEEING.
  3020 | D:4      | 3020 ||| FLEEEEING.
  3021 | D:4      | 3021 ||| FLEEEEING.
  3024 | D:4      | 3024 ||| FLEEEEING.
  3025 | D:4      | 3025 ||| FLEEEEING.
  3026 | D:4      | 3026 ||| FLEEEEING.
  3027 | D:4      | 3027 ||| FLEEEEING.
  3028 | D:4      | 3028 ||| FLEEEEING.
  3029 | D:4      | 3029 ||| FLEEEEING.
  3031 | D:4      | 3031 ||| FLEEEEING.
  3033 | D:4      | 3033 ||| FLEEEEING.
  3034 | D:4      | 3034 ||| FLEEEEING.
  3035 | D:4      | 3035 ||| FLEEEEING.
  3036 | D:4      | 3036 ||| FLEEEEING.
  3037 | D:4      | 3037 ||| FLEEEEING.
  3038 | D:4      | 3038 ||| FLEEEEING.
  3039 | D:4      | 3039 ||| STAIRDANCE
  3047 | D:4      | 3047 ||| STAIRDANCE
  3073 | D:4      | 3073 ||| FLEEEEING.
  3108 | Temple   | Entered the Ecumenical Temple
  3108 | Temple   | Found a transporter.
  3108 | Temple   | Found a transporter.
  3110 | Temple   | Found a transporter.
  3110 | Temple   | Found a transporter.
  3120 | Temple   | 3120 ||| PLANNING D:1-11
  3123 | Temple   | 3123 ||| PLANNING OKAWARU WORSHIP
  3128 | Temple   | Became a worshipper of Warmaster Okawaru
  3129 | Temple   | 3129 ||| PLANNING D:1-11
  3226 | D:4      | You fall into a shaft and drop 1 floor!
  3226 | D:5      | Entered Level 5 of the Dungeon
  3400 | D:5      | Reached XP level 7. HP: 36/44 MP: 7/7
  3407 | D:5      | Reached skill level 6 in Axes
  3939 | D:5      | 3939 ||| Stepping ~*~*~tactically~*~*~ (stealth).
  3968 | D:5      | Reached * piety under Okawaru
  3969 | D:5      | Reached skill level 7 in Axes
  4080 | D:5      | 4080 ||| UPGRADING to +4 ring of slaying {mikee}.
  4081 | D:5      | 4081 ||| READING scroll labelled VOUFFY WUKYPN.
  4142 | D:5      | 4142 ||| DRINKING 2 viscous red potions.
  4143 | D:5      | 4143 ||| DROPPING potion of degeneration.
  4175 | D:4      | 4175 ||| Stepping ~*~*~tactically~*~*~ (stealth).
  4339 | D:5      | Reached XP level 8. HP: 48/48 MP: 8/8
  4351 | D:5      | 4351 ||| Stepping ~*~*~tactically~*~*~ (hiding).
  4358 | D:5      | Reached skill level 1 in Invocations
  4506 | D:5      | 4506 ||| INVOKING Heroism.
  4692 | D:5      | 4692 ||| INVOKING Heroism.
  4752 | D:5      | 4752 ||| INVOKING Heroism.
  4758 | D:5      | Reached skill level 3 in Invocations
  4979 | D:5      | Found a bloodstained altar of Trog.
  4981 | D:5      | 4981 ||| INVOKING Heroism.
  5082 | D:5      | 5082 ||| UPGRADING to +0 chain mail.
  5092 | D:5      | 5092 ||| DROPPING +0 scale mail.
  5093 | D:5      | 5093 ||| READING 3 scrolls of identify.
  5093 | D:5      | 5093 ||| IDENTIFYING puce potion
  5094 | D:5      | 5094 ||| DROPPING potion of berserk rage.
  5110 | D:6      | 5110 ||| PLANNING SEWER
  5138 | D:6      | Identified the amulet of Befod {Spirit -Cast rElec rC+ rN+}
  5178 | D:6      | 5178 ||| READING scroll of enchant weapon.
  5178 | D:6      | 5178 ||| ENCHANTING +1 war axe.
  5203 | D:6      | Noticed Grinder
  5203 | D:6      | Paralysed by Grinder for 2 turns
  5205 | D:6      | 5205 ||| Stepping ~*~*~tactically~*~*~ (hiding).
  5211 | D:6      | 5211 ||| INVOKING Heroism.
  5216 | D:6      | Paralysed by Grinder for 5 turns
  5222 | D:6      | Killed Grinder
  5336 | D:6      | 5336 ||| Stepping ~*~*~tactically~*~*~ (stealth).
  5337 | D:6      | 5337 ||| Stepping ~*~*~tactically~*~*~ (stealth).
  5409 | D:6      | 5409 ||| INVOKING Heroism.
  5412 | D:6      | Reached skill level 8 in Axes
  5484 | D:6      | 5484 ||| Stepping ~*~*~tactically~*~*~ (hiding).
  5501 | D:6      | Reached skill level 6 in Fighting
  5501 | D:6      | Reached XP level 9. HP: 40/55 MP: 12/12
  5587 | D:6      | 5587 ||| INVOKING Heroism.
  5876 | D:6      | Reached ** piety under Okawaru
  5898 | D:6      | 5898 ||| RIP SEWER
  5944 | D:6      | 5944 ||| PLANNING D:1-11
  5951 | D:6      | Noticed Maggie
  5954 | D:6      | 5954 ||| INVOKING Heroism.
  5962 | D:6      | Killed Maggie
  5963 | D:6      | Reached skill level 9 in Axes
  6159 | D:6      | 6159 ||| SWAPPING to +0 vorpal broad axe.
  6160 | D:6      | 6160 ||| DROPPING +2 war axe.
  6179 | D:6      | Noticed Dowan
  6180 | D:6      | 6180 ||| INVOKING Heroism.
  6187 | D:6      | Killed Dowan
  6197 | D:6      | Noticed Duvessa
  6198 | D:6      | 6198 ||| INVOKING Heroism.
  6202 | D:6      | Killed Duvessa
  6538 | D:6      | 6538 ||| INVOKING Heroism.
  6624 | D:6      | 6624 ||| INVOKING Heroism.
  6655 | D:6      | Noticed Menkaure
  6656 | D:6      | 6656 ||| INVOKING Heroism.
  6658 | D:6      | Killed Menkaure
  6674 | D:6      | 6674 ||| UPGRADING to +0 plate armour.
  6684 | D:6      | 6684 ||| DROPPING +0 chain mail.
  6685 | D:6      | 6685 ||| UPGRADING to ring of protection from cold.
  6686 | D:6      | 6686 ||| READING 2 scrolls labelled HUIMEU MUMUQI.
  6703 | D:6      | 6703 ||| READING scroll labelled ZINAEFI XEOM.
  6704 | D:6      | 6704 ||| READING scroll labelled OPSUES CUIR.
  6705 | D:6      | 6705 ||| READING 3 scrolls of identify.
  6705 | D:6      | 6705 ||| IDENTIFYING dark potion
  6706 | D:6      | 6706 ||| DROPPING scroll of blinking.
  6709 | D:6      | 6709 ||| READING 2 scrolls of teleportation.
  6819 | D:7      | 6819 ||| Stepping ~*~*~tactically~*~*~ (stealth).
  6925 | D:7      | 6925 ||| INVOKING Heroism.
  7149 | D:7      | 7149 ||| Stepping ~*~*~tactically~*~*~ (hiding).
  7151 | D:7      | 7151 ||| INVOKING Heroism.
  7155 | D:7      | Reached skill level 6 in Armour
  7157 | D:7      | 7157 ||| Stepping ~*~*~tactically~*~*~ (cloud).
  7209 | D:7      | 7209 ||| INVOKING Heroism.
  7210 | D:7      | Noticed Joseph
  7219 | D:7      | Reached XP level 10. HP: 33/63 MP: 11/13
  7221 | D:7      | HP: 7/63 [Joseph/+2 quarterstaff of speed (14)]
  7222 | D:7      | 7222 ||| READING scroll of teleportation.
  7223 | D:7      | 7223 ||| DRINKING 2 potions of heal wounds.
  7226 | D:7      | HP: 14/63 [Joseph/+2 quarterstaff of speed (12)]
  7227 | D:7      | 7227 ||| DRINKING potion of heal wounds.
  7233 | D:7      | Killed Joseph
  7234 | D:7      | Reached skill level 10 in Axes
  7234 | D:7      | 7234 ||| INVOKING Heroism.
  7235 | D:7      | HP: 15/63 [gnoll sergeant/+0 spear (9)]
  7750 | D:7      | 7750 ||| UPGRADING to +0 kite shield.
  7760 | D:7      | 7760 ||| DROPPING +0 buckler.
  7761 | D:7      | 7761 ||| READING 5 scrolls labelled DOISIR ASAHAER.
  7762 | D:7      | 7762 ||| DROPPING 4 scrolls of summoning.
  7794 | D:8      | Found a flagged portal.
  7796 | D:8      | 7796 ||| STAIRDANCE
  7806 | D:8      | 7806 ||| INVOKING Heroism.
  7936 | D:8      | 7936 ||| Stepping ~*~*~tactically~*~*~ (stealth).
  7938 | D:8      | 7938 ||| Stepping ~*~*~tactically~*~*~ (stealth).
  7940 | D:8      | 7940 ||| Stepping ~*~*~tactically~*~*~ (stealth).
  7953 | D:8      | 7953 ||| Stepping ~*~*~tactically~*~*~ (stealth).
  7968 | D:8      | 7968 ||| Stepping ~*~*~tactically~*~*~ (stealth).
  7989 | D:8      | Found a shimmering altar of Xom.
  8004 | D:8      | 8004 ||| Stepping ~*~*~tactically~*~*~ (stealth).
  8006 | D:8      | 8006 ||| Stepping ~*~*~tactically~*~*~ (stealth).
  8131 | D:8      | Reached *** piety under Okawaru
  8220 | D:8      | 8220 ||| Stepping ~*~*~tactically~*~*~ (hiding).
  8225 | D:8      | 8225 ||| INVOKING Heroism.
  8239 | D:8      | Reached skill level 6 in Shields
  8417 | D:8      | 8417 ||| Stepping ~*~*~tactically~*~*~ (hiding).
  8626 | D:8      | Found a runed translucent gate.
  8627 | D:8      | Found a runed translucent gate.
  8628 | D:8      | Found a runed translucent gate.
  8628 | D:8      | Noticed a ten-headed hydra
  8628 | D:8      | Noticed qw's ghost (novice GrFi)
  8652 | D:8      | 8652 ||| UPGRADING to +6 ring of strength.
  8654 | D:8      | 8654 ||| READING 3 scrolls labelled XEIVIL XEREPSU.
  8655 | D:8      | 8655 ||| DROPPING 2 scrolls of poison.
  8693 | D:9      | 8693 ||| INVOKING Heroism.
  8890 | D:9      | 8890 ||| INVOKING Heroism.
  8927 | D:9      | Noticed a two-headed ogre
  8928 | D:9      | 8928 ||| INVOKING Heroism.
  8935 | D:9      | Killed a two-headed ogre
  9128 | D:9      | Found a staircase to the Orcish Mines.
  9152 | D:9      | 9152 ||| INVOKING Heroism.
  9162 | D:9      | Reached **** piety under Okawaru
  9169 | D:9      | Reached skill level 9 in Shields
  9327 | D:9      | 9327 ||| Stepping ~*~*~tactically~*~*~ (stealth).
  9333 | D:9      | Reached XP level 11. HP: 67/67 MP: 13/15
  9343 | D:9      | Reached skill level 6 in Invocations
  9612 | D:9      | Noticed a tengu warrior
  9617 | D:9      | 9617 ||| INVOKING Heroism.
  9635 | D:9      | 9635 ||| INVOKING Heroism.
  9635 | D:9      | HP: 11/68 [tengu warrior/+1 war axe (9)]
  9636 | D:9      | 9636 ||| DRINKING potion of heal wounds.
  9639 | D:9      | Killed a tengu warrior
  9639 | D:9      | Reached ***** piety under Okawaru
  9778 | D:9      | Noticed a wizard
  9779 | D:9      | 9779 ||| INVOKING Heroism.
  9796 | D:9      | Killed a wizard
 10031 | D:9      | 10031 ||| DROPPING +0 morningstar.
 10309 | D:9      | 10309 ||| READING 5 scrolls of identify.
 10309 | D:9      | 10309 ||| IDENTIFYING fuming amethyst potion
 10426 | D:10     | Entered Level 10 of the Dungeon
 10428 | D:10     | 10428 ||| INVOKING Heroism.
 10431 | D:10     | Noticed Lodul
 10432 | D:10     | 10432 ||| Stepping ~*~*~tactically~*~*~ (hiding).
 10433 | D:10     | 10433 ||| STAIRDANCE
 10543 | D:10     | 10543 ||| STAIRDANCE
 10601 | D:10     | 10601 ||| STAIRDANCE
 10603 | D:9      | 10603 ||| INVOKING Heroism.
 10743 | D:10     | 10743 ||| STAIRDANCE
 10750 | D:9      | Killed Lodul
 10780 | D:10     | 10780 ||| STAIRDANCE
 10786 | D:10     | 10786 ||| STAIRDANCE
 10839 | D:10     | Found a basalt altar of Yredelemnul.
 10851 | D:10     | 10851 ||| Stepping ~*~*~tactically~*~*~ (stealth).
 10853 | D:10     | 10853 ||| Stepping ~*~*~tactically~*~*~ (stealth).
 10857 | D:10     | 10857 ||| Stepping ~*~*~tactically~*~*~ (stealth).
 10860 | D:10     | 10860 ||| Stepping ~*~*~tactically~*~*~ (stealth).
 10861 | D:10     | 10861 ||| INVOKING Heroism.
 11030 | D:10     | 11030 ||| Stepping ~*~*~tactically~*~*~ (stealth).
 11033 | D:10     | 11033 ||| INVOKING Heroism.
 11109 | D:10     | 11109 ||| FLEEEEING.
 11110 | D:10     | 11110 ||| FLEEEEING.
 11143 | D:10     | 11143 ||| Stepping ~*~*~tactically~*~*~ (stealth).
 11160 | D:10     | 11160 ||| INVOKING Heroism.
 11175 | D:10     | 11175 ||| Stepping ~*~*~tactically~*~*~ (stealth).
 11311 | D:10     | Found a staircase to the Lair.
 11420 | D:10     | Noticed Erolcha
 11420 | D:10     | Noticed Erica
 11421 | D:10     | 11421 ||| INVOKING Heroism.
 11422 | D:10     | 11422 ||| INVOKING Finesse.
 11427 | D:10     | Reached skill level 11 in Axes
 11430 | D:10     | Killed Erolcha
 11431 | D:10     | Reached skill level 9 in Invocations
 11441 | D:10     | Reached XP level 12. HP: 62/73 MP: 11/19
 11451 | D:10     | Killed Erica
 11451 | D:10     | Identified the +3 helmet "Vaxeu" {Int+2 Dex+5 SInv Stlth-}
                  | (Okawaru gifted it to you on level 10 of the Dungeon)
 11451 | D:10     | Received a gift from Okawaru
 11944 | D:10     | Identified the +1 cloak "Azyanen" {rC- Will+++ Regen+
                  | Str-5}
 11972 | D:10     | 11972 ||| PLANNING LAIR
 11972 | D:10     | 11972 ||| UPGRADING to +3 helmet "Vaxeu" {Int+2 Dex+5 SInv
                  | Stlth-}.
 11982 | D:10     | 11982 ||| DROPPING +0 helmet.
 11983 | D:10     | 11983 ||| UPGRADING to +1 cloak "Azyanen" {rC- Will+++
                  | Regen+ Str-5}.
 11988 | D:10     | 11988 ||| UPGRADING to amulet of Befod {Spirit -Cast rElec
                  | rC+ rN+}.
 12040 | Lair:1   | Entered Level 1 of the Lair of Beasts
 12164 | Lair:1   | 12164 ||| Stepping ~*~*~tactically~*~*~ (stealth).
 12207 | Lair:1   | 12207 ||| Stepping ~*~*~tactically~*~*~ (stealth).
 12208 | Lair:1   | 12208 ||| Stepping ~*~*~tactically~*~*~ (stealth).
 12212 | Lair:1   | 12212 ||| Stepping ~*~*~tactically~*~*~ (stealth).
 12213 | Lair:1   | 12213 ||| Stepping ~*~*~tactically~*~*~ (stealth).
 12214 | Lair:1   | 12214 ||| INVOKING Heroism.
 12340 | Lair:1   | 12340 ||| INVOKING Heroism.
 12360 | Lair:1   | 12360 ||| Stepping ~*~*~tactically~*~*~ (stealth).
 12379 | Lair:1   | 12379 ||| INVOKING Heroism.
 12396 | Lair:1   | 12396 ||| Stepping ~*~*~tactically~*~*~ (stealth).
 12400 | Lair:1   | 12400 ||| Stepping ~*~*~tactically~*~*~ (stealth).
 12439 | Lair:1   | 12439 ||| Stepping ~*~*~tactically~*~*~ (stealth).
 12441 | Lair:1   | 12441 ||| INVOKING Heroism.
 12450 | Lair:1   | Reached skill level 9 in Fighting
 12491 | Lair:1   | Identified the +2 robe "Nit Gueck" {+Blink Str-3 Int+4
                  | SInv}
 12733 | Lair:1   | 12733 ||| Stepping ~*~*~tactically~*~*~ (stealth).
 12734 | Lair:1   | 12734 ||| INVOKING Heroism.
 12977 | Lair:1   | 12977 ||| DROPPING amulet of magic regeneration.
 12978 | Lair:1   | 12978 ||| READING scroll labelled MUAWOX LIENK.
 13079 | Lair:1   | 13079 ||| READING scroll labelled ICLU UXAVVASI.
 13145 | Lair:2   | 13145 ||| Stepping ~*~*~tactically~*~*~ (stealth).
 13147 | Lair:2   | 13147 ||| Stepping ~*~*~tactically~*~*~ (stealth).
 13149 | Lair:2   | 13149 ||| INVOKING Heroism.
 13156 | Lair:2   | Reached skill level 12 in Axes
 13198 | Lair:2   | 13198 ||| INVOKING Heroism.
 13253 | Lair:2   | Reached skill level 9 in Armour
 13292 | Lair:2   | Noticed a boulder beetle
 13293 | Lair:2   | 13293 ||| INVOKING Heroism.
 13294 | Lair:2   | 13294 ||| INVOKING Finesse.
 13306 | Lair:2   | Killed a boulder beetle
 13472 | Lair:2   | Reached skill level 3 in Dodging
 13527 | Lair:2   | 13527 ||| Stepping ~*~*~tactically~*~*~ (hiding).
 13530 | Lair:2   | 13530 ||| Stepping ~*~*~tactically~*~*~ (hiding).
 13654 | Lair:2   | 13654 ||| INVOKING Heroism.
 13676 | Lair:2   | Reached XP level 13. HP: 80/80 MP: 20/20
 13786 | Lair:2   | 13786 ||| Stepping ~*~*~tactically~*~*~ (hiding).
 13912 | Lair:2   | Reached ****** piety under Okawaru
 14305 | Lair:3   | Found a hole to the Spider Nest.
 14366 | Lair:3   | Identified the -1 pair of gloves of the Soldier {Int+6}
 14382 | Lair:3   | 14382 ||| INVOKING Heroism.
 14391 | Lair:3   | Received a gift from Okawaru
 14399 | Lair:3   | 14399 ||| INVOKING Heroism.
 14478 | Lair:3   | Found a staircase to the Shoals.
 14480 | Lair:3   | 14480 ||| Stepping ~*~*~tactically~*~*~ (hiding).
 14494 | Lair:3   | 14494 ||| INVOKING Heroism.
 14501 | Lair:3   | HP: 19/82 [merfolk/+0 trident (9)]
 14502 | Lair:3   | 14502 ||| READING 2 scrolls of teleportation.
 14503 | Lair:3   | 14503 ||| DRINKING potion of heal wounds.
 14506 | Lair:3   | HP: 8/82 [merfolk/+0 trident (12)]
 14508 | Lair:3   | Reached skill level 1 in Throwing
 14656 | Lair:3   | 14656 ||| INVOKING Heroism.
 14673 | Lair:3   | 14673 ||| INVOKING Finesse.
 14679 | Lair:3   | 14679 ||| SWAPPING to +2 vampiric morningstar.
 14680 | Lair:3   | 14680 ||| Stepping ~*~*~tactically~*~*~ (outnumbered).
 14681 | Lair:3   | 14681 ||| Stepping ~*~*~tactically~*~*~ (outnumbered).
 14682 | Lair:3   | 14682 ||| Stepping ~*~*~tactically~*~*~ (outnumbered).
 14683 | Lair:3   | 14683 ||| Stepping ~*~*~tactically~*~*~ (outnumbered).
 14684 | Lair:3   | 14684 ||| Stepping ~*~*~tactically~*~*~ (outnumbered).
 14685 | Lair:3   | 14685 ||| Stepping ~*~*~tactically~*~*~ (outnumbered).
 14687 | Lair:3   | Reached skill level 3 in Throwing
 14693 | Lair:3   | 14693 ||| Stepping ~*~*~tactically~*~*~ (outnumbered).
 14696 | Lair:3   | 14696 ||| Stepping ~*~*~tactically~*~*~ (outnumbered).
 14697 | Lair:3   | 14697 ||| Stepping ~*~*~tactically~*~*~ (outnumbered).
 14717 | Lair:3   | 14717 ||| SWAPPING to +0 vorpal broad axe.
 15422 | Lair:3   | 15422 ||| UPGRADING to +0 pair of boots.
 15427 | Lair:3   | 15427 ||| DROPPING -1 pair of gloves of the Soldier
                  | {Int+6}.
 15428 | Lair:3   | 15428 ||| DROPPING +6 ring of dexterity.
 15560 | Lair:4   | Identified the +7 long sword "Arhasm" {pain, rC- rN+ Str+3
                  | Int+4} (Okawaru gifted it to you on level 4 of the Lair of
                  | Beasts)
 15560 | Lair:4   | Received a gift from Okawaru
 15764 | Lair:4   | 15764 ||| Stepping ~*~*~tactically~*~*~ (stealth).
 15767 | Lair:4   | 15767 ||| INVOKING Heroism.
 15896 | Lair:4   | Noticed Snorg
 15897 | Lair:4   | 15897 ||| INVOKING Heroism.
 15899 | Lair:4   | 15899 ||| INVOKING Finesse.
 15915 | Lair:4   | Killed Snorg
 15922 | Lair:4   | Reached skill level 13 in Axes
 16391 | Lair:4   | 16391 ||| UPGRADING to +0 pair of gloves of dexterity.
 16401 | Lair:4   | 16401 ||| DROPPING +0 pair of gloves.
 16442 | Lair:5   | Entered Level 5 of the Lair of Beasts
 16443 | Lair:5   | 16443 ||| PLANNING GAUNTLET
 16443 | Lair:5   | 16443 ||| STAIRDANCE
 16445 | Lair:4   | 16445 ||| INVOKING Heroism.
 16492 | Lair:5   | 16492 ||| INVOKING Heroism.
 16494 | Lair:5   | 16494 ||| STAIRDANCE
 16552 | Lair:5   | 16552 ||| Stepping ~*~*~tactically~*~*~ (stealth).
 16553 | Lair:5   | 16553 ||| INVOKING Heroism.
 16572 | Lair:5   | Received a gift from Okawaru
 16617 | Lair:5   | 16617 ||| INVOKING Heroism.
 16713 | Lair:5   | Identified the ring "Beutaz" {Fly Will- Str+8 Int+5 Slay+3}
 16781 | Lair:5   | 16781 ||| Stepping ~*~*~tactically~*~*~ (stealth).
 16823 | Lair:5   | 16823 ||| READING scroll of enchant armour.
 16823 | Lair:5   | 16823 ||| ENCHANTING +0 pair of gloves of dexterity.
 16843 | Lair:5   | Found a viscous altar of Jiyva.
 16845 | Lair:5   | 16845 ||| INVOKING Heroism.
 16846 | Lair:5   | 16846 ||| INVOKING Finesse.
 16847 | Lair:5   | Found a staircase to the Slime Pits.
 16853 | Lair:5   | 16853 ||| DRINKING 2 potions of cancellation.
 16860 | Lair:5   | HP: 1/82 [oklob plant/splash of acid (27)]
 16861 | Lair:5   | 16861 ||| READING 2 scrolls of teleportation.
 16863 | Lair:5   | Killed from afar by an oklob plant

Levels and vault maps discovered:
D:1:      mushboom_english_gardens, layout_rooms,
          hellmonk_ecumenical_altar_blasted
D:2:      layout_rooms, kennysheep_generic_room_8
D:3:      layout_rooms, serial_shops, shop, minmay_goblin_kobold_house,
          uniq_ijyb
D:4:      layout_loops_ring, minmay_temple_entry_waves, uniq_blork_the_orc
D:5:      layout_cave_pods, trog_hazing_becter
D:6:      layout_loops_ring, cheibrodos_sewer_entry_bend, uniq_maggie,
          uniq_duvessa, uniq_menkaure, uniq_grinder
D:7:      layout_loops_ring, uniq_joseph
D:8:      layout_basic, old_standard_altar, gammafunk_ghost_hydra_chop,
          enter_bailey_6, roderic_lattice_a
D:9:      layout_loops_corners, orc_0_dummy, minmay_three_doors
D:10:     layout_basic, yredelemnul_forgotten_temple_becter, erik_lair_island,
          uniq_lodul, uniq_erolcha, uniq_erica
Temple:   hellmonk_temple_divided_pantheon
Lair:1:   layout_regular_city, nzn_random_ring, lemuel_fruit_fields
Lair:2:   layout_hall_layers, nzn_sisyphean_effort, lemuel_fruit_tree
Lair:3:   layout_regular_city, elwin_shoals_entry_stream, dummy_spider_entry,
          minivault_19, serial_bayou_shore_a
Lair:4:   layout_regular_city, uniq_snorg
Lair:5:   cheibrodos_lair_end_hotspot, layout_misc_corridors,
          minmay_slime_entry_oklob_enclosed, gauntlet_entry_generic,
          infiniplex_staircase_pool

Skill      XL: |  1  2  3  4  5  6  7  8  9 10 11 12 13 |
---------------+----------------------------------------+-----
Axes           | 2 3 5 7 8 9 10 11 12 13 | 13.2
Fighting       | 4 6 7 8 9 10 | 10.0
Dodging        | 1 3 |  3.1
Invocations    | 4 5 9 10 | 10.0
Armour         | 4 6 7 9 10 | 10.1
Shields        | 4 9 10 11 | 11.0
Throwing       | 4 |  4.1

Action                   |  1- 3 |  4- 6 |  7- 9 | 10-12 | 13-15 || total
-------------------------+-------+-------+-------+-------+-------++-------
Melee: War axe           |   118 |   130 |   171 |       |       ||   419
       Broad axe         |       |       |    59 |   481 |   207 ||   747
       Morningstar       |       |       |       |       |    28 ||    28
Throw: Javelin           |       |       |       |       |    27 ||    27
Invok: Heroism           |       |       |    16 |    25 |    11 ||    52
       Finesse           |       |       |       |     2 |     3 ||     5
  Use: Scroll            |     6 |     6 |     8 |     6 |     3 ||    29
       Potion            |     2 |     1 |     1 |     3 |     2 ||     9
Armor: Scale mail        |    58 |    70 |    44 |       |       ||   172
       Chain mail        |       |       |    34 |       |       ||    34
       Plate armour      |       |       |    27 |   229 |   102 ||   358
Dodge: Dodged            |    53 |    48 |    61 |   108 |    67 ||   337
Block: Buckler           |    19 |    17 |    37 |    13 |       ||    86
       Kite shield       |       |       |       |   213 |   111 ||   324

Table legend:
 A = Non-vault XP
 B = Vault XP
 C = Vault XP percentage of total XP
 D = Non-vault monster count
 E = Vault monster count
 F = Vault count percentage of total count
                 A         B        C        D         E       F
            +---------+---------+-------+---------+---------+-------
      Total |   37362 |   14475 |  27.9 |     320 |      61 |  16.0
            +---------+---------+-------+---------+---------+-------
        D:1 |      43 |       0 |   0.0 |      25 |       0 |   0.0
        D:2 |      37 |       0 |   0.0 |      14 |       0 |   0.0
        D:3 |     185 |      49 |  20.9 |      17 |      10 |  37.0
        D:4 |     162 |      94 |  36.7 |      19 |       1 |   5.0
        D:5 |    1232 |      12 |   1.0 |      22 |       6 |  21.4
        D:6 |    1019 |    1053 |  50.8 |      23 |       5 |  17.9
        D:7 |     890 |     419 |  32.0 |      21 |       1 |   4.5
        D:8 |    1271 |       0 |   0.0 |      34 |       0 |   0.0
        D:9 |    3529 |    2902 |  45.1 |      21 |       9 |  30.0
       D:10 |    4030 |    2546 |  38.7 |      29 |      10 |  25.6
     Lair:1 |    5013 |    3028 |  37.7 |      21 |      11 |  34.4
     Lair:2 |    4672 |     814 |  14.8 |      16 |       1 |   5.9
     Lair:3 |    5042 |    1530 |  23.3 |      19 |       4 |  17.4
     Lair:4 |    4992 |     914 |  15.5 |      22 |       1 |   4.3
     Lair:5 |    5245 |    1114 |  17.5 |      17 |       2 |  10.5
            +---------+---------+-------+---------+---------+-------
